 Dungeon Crawl Stone Soup version 0.24-a0-580-g6a6c3f8 (webtiles) character file.

Game seed: 12521341840054063328

87 BoppinsLewinski the Bolt Thrower (level 4, 0/28 HPs)
             Began as a Kobold Hunter on Aug 22, 2019.
             Slain by a goblin (3 damage)
             ... led by Robin
             ... on level 1 of the Dungeon.
             The game lasted 00:06:11 (1473 turns).

BoppinsLewinski the Bolt Thrower (Kobold Hunter)    Turns: 1473, Time: 00:06:12

Health: 0/28       AC:  9    Str: 10    XL:     4   Next: 80%
Magic:  4/4        EV:  6    Int: 12    God:
Gold:   23         SH:  0    Dex: 15    Spells: 3/3 levels left

rFire    . . .     SeeInvis .   j - +0 trident
rCold    . . .     Gourm    .   (shield currently unavailable)
rNeg     . . .     Faith    .   k - +0 chain mail
rPois    .         Spirit   .   (no helmet)
rElec    .         Reflect  .   (no cloak)
rCorr    .         Harm     .   b - +0 pair of gloves
MR       .....                  (no boots)
Stlth    ..........             (no amulet)
HPRegen  0.09/turn              (no ring)
MPRegen  0.09/turn              (no ring)

@: lethally poisoned (0 -> -2), flying, drained
A: small, carnivore
a: no special abilities


You were on level 1 of the Dungeon.
You were not hungry.

You visited 1 branch of the dungeon, and saw 2 of its levels.

You collected 23 gold pieces.

Inventory:

Hand Weapons
 a - a +1 hand crossbow
 j - a +0 trident (weapon)
Missiles
 d - 13 bolts
Armour
 b - a +0 pair of gloves (worn)
 k - a +0 chain mail (worn)
Scrolls
 c - 3 scrolls of teleportation {unknown}
 e - 2 scrolls of identify {unknown}
 h - a scroll of noise {unknown}
Potions
 i - a potion of brilliance
Comestibles
 f - 3 rations


   Skills:
 * Level 3.5(2.3) Fighting
   Level 0.2(0.0) Short Blades
 + Level 0.4(0.0) Polearms
 * Level 5.5(4.3) Crossbows
 + Level 3.1(2.0) Dodging
 + Level 2.2(1.1) Stealth


You had 3 spell levels left.
You didn't know any spells.
Your spell library was empty.

Dungeon Overview and Level Annotations

Branches:
Dungeon (2/15)

Altars:

Annotations:
D:2 Robin


Innate Abilities, Weirdness & Mutations

You are small and have problems with some larger weapons.
You are carnivorous and can eat meat at any time.


Message History

Ye feel sick.
Robin throws tha goblin at ye!
Ye feel sick.
Thar be a stone staircase leadin' up 'ere.
Ye feel sick.
Tha goblin hits ye but does nay damage.
Ye climb upwards.
Thar be a stone staircase leadin' down 'ere.
Ye closely miss tha goblin.
Ye feel sick.
Tha goblin hits ye.
* * * LOW HITPOINT WARNIN'
* * * Ye hit tha goblin.
Tha goblin be heavily wounded.
Tha goblin completely misses ye.
Tha goblin hits ye.
* * * LOW HITPOINT WARNIN'
* * * Ye closely miss tha goblin.
Tha goblin be heavily wounded.
Tha goblin hits ye but does nay damage.
Ye feel very buoyant.
Ye fly up inta tha air.
* * * LOW HITPOINT WARNIN'
* * * Ye feel sick.
Tha goblin hits ye.
Ye die...

.#.# #.# #.#.##.# #.######.#.#
.#.# #.# #.#.##.# #.# #....# .#.#
#.# #.#.##.####.#####'##.#
.#.#####.###.#)##.##......#...#..
......##.##....##.##.#.####.<.#..
##.##>.................# #...#..
#.########....##.#..### ##+##..
##.# ##.#.##....#######..... ...#
#.#..@................ ####
#.###g...........(.... ##.#
##...........#÷### #..#
##...########÷# #.## ##..# #.#
#.# ##.########.# #.#
#..........# #.# ##########.# #.#
#...#


You could see a goblin.

Vanquished Creatures
  Jessica (D:2)
  An adder (D:1)
  2 oozes (D:1)
  A worm (D:2)
  A dart slug (D:1)
  A leopard gecko (D:1)
  5 goblins (D:2)
  7 hobgoblins
  3 jackals (D:1)
  3 bats
  A frilled lizard (D:1)
  6 kobolds
  9 rats
41 creatures vanquished.

Notes
Turn   | Place    | Note
-------+----------+-------------------------------------------
     0 | D:1      | BoppinsLewinski the Kobold Hunter began the quest for the
                  | Orb.
     0 | D:1      | Reached XP level 1. HP: 12/12 MP: 1/1
    19 | D:1      | Reached skill level 5 in Crossbows
    29 | D:1      | Reached XP level 2. HP: 18/18 MP: 2/2
   350 | D:1      | Reached XP level 3. HP: 22/22 MP: 3/3
   838 | D:2      | Noticed Jessica
   840 | D:2      | Killed Jessica
   840 | D:2      | Reached XP level 4. HP: 28/28 MP: 4/4
   923 | D:1      | HP: 1/28 [poisoned by an adder]
  1447 | D:2      | Noticed Robin
  1473 | D:1      | Slain by a goblin

Levels and vault maps discovered:
D:1:      dpeg_arrival_tiny_f, layout_loops_ring
D:2:      layout_rooms, grunt_ministairs_9, uniq_robin, uniq_jessica

Skill      XL: |  1  2  3 |
---------------+----------+-----
Crossbows      | 5 |  5.5
Fighting       | 3 |  3.5
Dodging        | 3 |  3.1
Stealth        | 2 |  2.2
Short Blades   | |  0.2
Polearms       | |  0.4

Action                   |  1- 3 |  4- 6 || total
-------------------------+-------+-------++-------
Melee: Short sword       |    23 |       ||    23
       Trident           |     7 |    44 ||    51
 Fire: Hand crossbow     |    57 |    10 ||    67
  Use: Potion            |       |     3 ||     3
  Eat: Ration            |       |     1 ||     1
Armor: Leather armour    |     6 |       ||     6
       Ring mail         |     2 |       ||     2
       Chain mail        |    11 |    40 ||    51
Dodge: Dodged            |    32 |    14 ||    46

Table legend:
 A = Non-vault XP
 B = Vault XP
 C = Vault XP percentage of total XP
 D = Non-vault monster count
 E = Vault monster count
 F = Vault count percentage of total count
                 A         B        C        D         E       F
            +---------+---------+-------+---------+---------+-------
      Total |      81 |      44 |  35.2 |      35 |       6 |  14.6
            +---------+---------+-------+---------+---------+-------
        D:1 |      62 |       0 |   0.0 |      25 |       0 |   0.0
        D:2 |      19 |      44 |  69.8 |      10 |       6 |  37.5
            +---------+---------+-------+---------+---------+-------
